 Dungeon Crawl Stone Soup version 0.27.1-3-gb3d3a73c9e (console) character file.

Game seed: 13346531496326507577

315871 thromnambular the Fighter (level 21, -7/138 (145) HPs)
             Began as a Gnoll Delver on Oct 17, 2021.
             Was the Champion of Ru.
             Succumbed to a green very ugly thing's poison
             ... on level 1 of the Depths on Oct 23, 2021.
             The game lasted 04:18:41 (68495 turns).

thromnambular the Fighter (Gnoll Delver)           Turns: 68495, Time: 04:18:41

HP:   -7/138 (145)  AC: 24    Str: 22    XL:     21   Next: 39%
MP:   37/37         EV: 18    Int: 18    God:    Ru [******]
Gold: 196           SH: 14    Dex: 14    Spells: 1/44 levels left

rFire    + . .     SeeInvis +   U - +4 broad axe (flame)
rCold    . . .     Faith    .   F - +2 buckler {AC+3}
rNeg     + + .     Spirit   .   Q - +1 troll leather armour "Vuyxialoot" {rElec rF+ Regen+ SInv Stlth+}
rPois    .         Reflect  +   I - +2 helmet {Int+3}
rElec    +         Harm     .   V - +2 cloak
rCorr    .         Rampage  .   q - +2 pair of gloves
Will     ++...                  Z - +2 pair of boots
Stlth    ..........             w - amulet of reflection
HPRegen  1.33/turn              L - +6 ring of strength
MPRegen  0.25/turn              k - ring "Hotwi" {rN++ Will+}

@: lethally poisoned (-7 -> -32), exhausted, studying Axes, lightly drained
A: fangs 1, frail 1, no stealth, hated by all, no fire magic, no summoning
magic, no transmutations magic, unskilled 2, strong nose, distributed training
}: 2/15 runes: decaying, gossamer
a: Renounce Religion, Draw Out Power, Power Leap, Apocalypse


You were on level 1 of the Depths.
You worshipped Ru.
Ru was exalted by your worship.
You visited 7 branches of the dungeon, and saw 37 of its levels.
You visited the Abyss 1 time.
You also visited: Ice Cave.

You collected 5981 gold pieces.
You spent 5785 gold pieces at shops.

Inventory:

Hand Weapons
 b - a +4 scimitar of electrocution
 D - a +2 hand axe of electrocution
 H - a +1 war axe of electrocution
 U - a +4 broad axe of flaming (weapon)
Missiles
 z - 5 silver javelins
 B - a throwing net
Armour
 q - a +2 pair of gloves (worn)
 t - the +4 ring mail of Fashionability {Rampage Dex+2}
   (You found it on level 3 of the Swamp)

   Dex:       It affects your dexterity (+2).
   Rampage:   It bestows one free step when moving towards enemies.
 F - a +2 buckler of protection (worn)
 I - a +2 helmet of intelligence (worn)
 Q - the +1 troll leather armour "Vuyxialoot" (worn) {rElec rF+ Regen+ SInv Stlth+}
   (You bought it in a shop on level 3 of the Vaults)

   rF:        It protects you from fire.
   rElec:     It insulates you from electricity.
   SInv:      It lets you see invisible.
   Regen:     It increases your rate of health regeneration.
   Stlth:     It makes you more stealthy.
 V - a +2 cloak (worn)
 X - a +1 crystal plate armour
 Y - a +2 ring mail of cold resistance
 Z - a +2 pair of boots (worn)
Jewellery
 e - an amulet of regeneration
 i - a ring of flight
 k - the ring "Hotwi" (right hand) {rN++ Will+}
   (You bought it in a shop on level 3 of the Dungeon)

   [ring of willpower]

   rN:        It greatly protects you from negative energy.
   Will:      It increases your willpower.
 m - a ring of poison resistance
 w - an amulet of reflection (around neck)
 E - a +4 ring of evasion
 L - a +6 ring of strength (left hand)
 N - a ring of ice
 R - a ring of see invisible
Wands
 s - a wand of mindburst (24)
 x - a wand of polymorph (23)
 y - a wand of iceblast (15)
 K - a wand of flame (135)
 S - a wand of paralysis (2)
Scrolls
 c - 4 scrolls of fear
 d - 4 scrolls of magic mapping
 f - 4 scrolls of noise
 g - a scroll of brand weapon
 l - 5 scrolls of amnesia
 n - 4 scrolls of immolation
 o - 14 scrolls of identify
 p - 4 scrolls of teleportation
 u - a scroll of torment
 A - 2 scrolls of fog
 C - a scroll of silence
 O - a scroll of blinking
Potions
 h - 9 potions of flight
 j - 6 potions of mutation
 r - a potion of might
 v - 3 potions of curing
 G - 4 potions of lignification
 J - a potion of resistance
 M - 3 potions of attraction
 P - 3 potions of ambrosia
 T - a potion of cancellation
 W - 3 potions of haste
Miscellaneous
 a - a lightning rod (4/4)


   Skills:
 + Level 13.0 Fighting
 + Level 12.0 Short Blades
 + Level 12.0 Long Blades
 + Level 12.3 Axes
 + Level 12.5 Maces & Flails
 + Level 12.0 Polearms
 + Level 12.0 Staves
 + Level 12.0 Slings
 + Level 12.0 Bows
 + Level 12.0 Crossbows
 + Level 12.0 Throwing
 + Level 12.0 Armour
 + Level 12.5 Dodging
   Level 0.0 Stealth
 + Level 12.0 Shields
 + Level 12.0 Unarmed Combat
 + Level 12.0 Spellcasting
 + Level 10.3 Conjurations
 + Level 10.3 Hexes
   Level 0.0 Summonings
 + Level 10.3 Necromancy
 + Level 10.3 Translocations
   Level 0.0 Transmutations
   Level 0.0 Fire Magic
 + Level 10.3 Ice Magic
 + Level 10.3 Air Magic
 + Level 10.3 Earth Magic
 + Level 10.3 Poison Magic
 + Level 12.9 Invocations
 + Level 12.0 Evocations


You had one spell level left.
You knew the following spells:

 Your Spells              Type           Power      Damage    Failure   Level
a - Shock                 Conj/Air       100%       1d9       1%          1
b - Iron Shot             Conj/Erth      23%        9d5       16%         6
c - Silence               Hex/Air        23%        N/A       3%          5
d - Lee's Rapid Deconstr  Erth           23%        3d14*     3%          5
e - Airstrike             Air            23%        N/A       1%          4
f - Dispel Undead         Necr           47%        3d18      1%          4
g - Dazzling Flash        Conj/Hex       94%        N/A       1%          3
h - Olgreb's Toxic Radia  Pois           47%        N/A       1%          4
i - Agony                 Necr           47%        N/A       3%          5
j - Freezing Cloud        Conj/Ice/Air   23%        6-21      3%          5
A - Apportation           Tloc           94%        N/A       1%          1

Your spell library contained the following spells:

 Spells                   Type           Power      Damage    Failure   Level
 Corona                   Hex            52%        N/A       1%          1
 Pain                     Necr           100%       1d9       1%          1
 Corpse Rot               Necr/Air       N/A        N/A       1%          2
 Ensorcelled Hibernation  Hex/Ice        94%        N/A       1%          2
 Poisonous Vapours        Pois/Air       94%        N/A       1%          2
 Mephitic Cloud           Conj/Pois/Air  47%        N/A       1%          3
 Stone Arrow              Conj/Erth      94%        3d12      1%          3
 Swiftness                Air            47%        N/A       1%          3
 Vampiric Draining        Necr           23%        2d9       1%          3
 Fulminant Prism          Conj/Hex       23%        3d13      1%          4
 Iskenderun's Mystic Bla  Conj/Tloc      47%        2d10      1%          4
 Conjure Ball Lightning   Conj/Air       23%        3x3d6     16%         6
 Dispersal                Tloc           23%        N/A       16%         6
 Borgnjor's Revivificati  Necr           23%        N/A       100%        8
 Disjunction              Tloc           23%        N/A       100%        8
 Death's Door             Necr           23%        N/A       100%        9
 Polar Vortex             Ice            23%        N/A       100%        9
 Shatter                  Erth           23%        3d20*     100%        9
 Animate Skeleton         Necr           Unusable   N/A       N/A         1
 Sting                    Tmut/Pois      Unusable   1d8       N/A         1
 Summon Small Mammal      Summ           Unusable   N/A       N/A         1
 Tukima's Dance           Hex            Unusable   N/A       N/A         3
 Ignite Poison            Fire/Tmut/Pois Unusable   N/A       N/A         3
 Animate Armour           Summ/Erth      Unusable   N/A       N/A         4
 Bolt of Magma            Conj/Fire/Erth Unusable   4d9       N/A         5
 Death Channel            Necr           Unusable   N/A       N/A         6
 Simulacrum               Ice/Necr       Unusable   N/A       N/A         6
 Call Canine Familiar     Summ           Unusable   N/A       N/A         3
 Starburst                Conj/Fire      Unusable   6d6       N/A         6
 Blade Hands              Tmut           Unusable   N/A       N/A         5
 Necromutation            Tmut/Necr      Unusable   N/A       N/A         8

Dungeon Overview and Level Annotations

Branches:
Dungeon (15/15)            Temple (0/1) D:6            Lair (6/6) D:11
  Swamp (4/4) Lair:2       Spider (4/4) Lair:4        Slime (0/5) Lair:5
    Orc (2/2) D:12            Elf (0/3) Orc:2        Vaults (4/5) D:14
  Crypt (0/3) Vaults:3     Depths (2/5) D:15          IceCv (visited)

Altars:
Gozag
Nemelex Xobeh
Qazlal
Ru
Trog
Uskayaw
Xom
Zin
The Shining One

Shops:
D:3 !=   Orc:1 =   Orc:2 ([:*:   Vaults:1 =   Vaults:2 :([:*   Vaults:3 [(*(?
Vaults:4 [(*   Depths:1 *

Portals:
Hell: Depths:1
Trove: Vaults:1 (lose all piety)

Annotations:
D:4 Eustachio
D:6 exclusion: door
D:12 1 runed translucent door, Vedgh's ghost, journeyman HuBe
Lair:2 2 transporters, jjjjhere's ghost, journeyman GnWn
Lair:5 exclusion: 4 oklob plants
Lair:6 3 runed translucent doors, exclusions: 3 doors, obsidian statue and 2 oklob plants, Fashaeth's ghost, adept VSFi
Swamp:1 1 runed translucent door, pentaflop's ghost, journeyman SpEn
Orc:1 3 runed translucent doors, gorillafan208's ghost, journeyman MiBe


Innate Abilities, Weirdness & Mutations

You have very sharp teeth.
You are frail. (-10% HP)
You cannot be stealthy.
You are hated by all.
You cannot study or cast Fire magic.
You cannot study or cast Summoning magic.
You cannot study or cast Transmutations magic.
You are unskilled. (-2 Apt)
Your uncanny sense of smell can sniff out nearby items.
Your experience applies equally to all skills.


Message History

The green very ugly thing is engulfed in freezing vapours.
The green very ugly thing is stunned by your conviction and fails to attack.
The cyan very ugly thing is engulfed in freezing vapours.
You feel extremely sick.
The cyan very ugly thing looks more healthy.
The green very ugly thing is engulfed in freezing vapours.
You block the green very ugly thing's attack.
You feel extremely sick.
The cyan very ugly thing is engulfed in freezing vapours.
You feel extremely sick.
The green very ugly thing basks in the mutagenic energy from its kin and changes!
The green very ugly thing kicks you!
You are lethally poisoned!
The green very ugly thing poisons you!
You focus your inner power and blind the green very ugly thing in retribution!
The cyan very ugly thing is engulfed in freezing vapours.
* * * LOW HITPOINT WARNING * * *
You feel extremely sick.
The green very ugly thing basks in the mutagenic energy from its kin and changes!
The green ugly thing is engulfed in freezing vapours.
The ice dragon begins to attack, but is stunned by your conviction!
* * * LOW HITPOINT WARNING * * *
You feel extremely sick.
The green ugly thing is engulfed in freezing vapours.
Okay, then.
You are restored by drawing out deep reserves of power within.
You feel drained.
* * * LOW HITPOINT WARNING * * *
You feel extremely sick.
You block the green very ugly thing's attack.
The purple very ugly thing basks in the mutagenic energy from its kin and changes!
Blink to where?
Press: ? - help, Dir - move target, p - cyan very ugly thing
As you read the scroll of blinking, it crumbles to dust.
* * * LOW HITPOINT WARNING * * *
You feel extremely sick.
* * * LOW HITPOINT WARNING * * *
You feel extremely sick.
You climb upwards.
You die...

.#.#..####....##..#
#####..####...#...##
##.....#....#....####
###............#..##..##
..#.#...........#.##...#
...#......##..##..##.###
..#.......#........#...####
...#....#.............###.##
...#.####.......@......###.##
...### #..#........#..#.##.>##
.....# #..#........#....##...#
....####................#...##
......##.................####
.....#...##........#......#
..........##..##..##...#.##
.#......................##
##.....................##


There were no monsters in sight!

Vanquished Creatures
  An ancient lich (Vaults:1)
  Saint Roka (Depths:1)
  A golden dragon (Vaults:2)
  Rupert (Lair:4)
  A lich (Vaults:2)
  Gastronok (D:10)
  3 sphinxes
  A tentacled starspawn (Abyss:2)
  A fire giant (D:15)
  Donald (Spider:4)
  5 frost giants
  5 vault wardens
  An iron dragon (Vaults:4)
  Aizul (Spider:4)
  2 orc warlords
  5 ghost moths
  5 emperor scorpions
  19 ironbound preservers
  6 stone giants
  2 vampire knights
  A war gargoyle (Vaults:1)
  12 very ugly things
  Nessos (D:14)
  9 entropy weavers
  5 dire elephants
  A spark wasp (Spider:2)
  Snorg (D:10)
  3 eleionomae
  A crystal guardian (Vaults:2)
  An eidolon (Abyss:2)
  4 fire dragons
  10 yaktaur captains
  3 ettins
  A deep elf death mage (Vaults:2)
  A great orb of eyes (Vaults:3)
  3 ironbound thunderhulks (Vaults:4)
  3 peacekeepers
  A deep elf high priest (D:14)
  2 rakshasas
  3 vault guards
  An ice dragon (Depths:1)
  2 boulder beetles
  4 ogre magi
  15 hydras
  9 centaur warriors
  5 ironbound frosthearts
  10 alligators
  A death knight (D:10)
  A caustic shrike simulacrum (IceCv)
  A catoblepas (Lair:6)
  12 two-headed ogres
  A ghost crab (Swamp:2)
  3 death yaks
  A deep troll earth mage (Depths:1)
  3 ironbound beastmasters
  2 tengu warriors
  4 orc high priests
  A wretched star (Abyss:2)
  2 large abominations (Abyss:2)
  3 skeletal warriors
  A fire crab (Swamp:4)
  8 swamp dragons
  A sixfirhy (Abyss:2)
  47 deep trolls
  A spectral anaconda (Lair:6)
  A goliath frog (Swamp:2)
  A bog body (Swamp:2)
  2 spectral death yaks (Lair:6)
  2 glowing orange brains
  3 spriggan druids
  2 flayed ghosts
  6 harpies (Vaults:2)
  13 wizards
  3 necromancers
  7 ironbound convokers
  9 orc knights
  16 orb spiders
  32 ugly things
  8 orc sorcerers
  19 wolf spiders
  3 deep elf pyromancers
  22 slime creatures
  A manticore (shapeshifter) (Vaults:2)
  11 elephants
  5 cyclopes
  2 manticores
  A worldbinder (Abyss:2)
  2 moths of wrath
  2 rust devils (D:8)
  A frost giant skeleton (D:15)
  2 black mambas
  12 vault sentinels
  3 smoke demons (Abyss:2)
  6 torpor snails
  An orange demon (Abyss:2)
  6 cane toads
  An efreet (Abyss:2)
  A spriggan zombie (D:15)
  A rime drake (Lair:5)
  11 demonic crawlers
  4 komodo dragons
  3 freezing wraiths
  16 yaktaurs
  A golden dragon simulacrum (IceCv)
  6 tengu conjurers
  A hellwing (Abyss:2)
  2 trolls
  A polar bear (shapeshifter) (D:15)
  2 guardian mummies (Vaults:1)
  39 jumping spiders
  3 meliai (D:15)
  2 bloated husks
  5 tyrant leeches
  An ancient zyme (Abyss:2)
  9 hornets
  4 polar bears
  A queen bee (Orc:1)
  A raiju (Abyss:2)
  A fire dragon zombie (D:15)
  A dream sheep (Orc:1)
  3 spectral elephants (Lair:6)
  33 blink frogs
  75 redbacks
  4 spriggans
  A dire elephant simulacrum (IceCv)
  A centaur simulacrum (D:15)
  28 tarantellas
  A redback (shapeshifter) (D:15)
  A ynoxinul (Abyss:2)
  A deep troll skeleton (D:15)
  3 wraiths
  5 vampires
  2 wyverns
  Grum (D:10)
  50 yaks
  2 basilisks
  A basilisk (shapeshifter) (Vaults:3)
  15 vampire mosquitoes
  2 death yak simulacra (Lair:6)
  3 steam dragons
  Menkaure (D:6)
  A harpy simulacrum (IceCv)
  4 wargs
  21 water moccasins
  13 swamp worms
  5 acid dragons
  7 swamp drakes
  44 orc warriors
  8 small abominations
  2 black bears
  4 alligator simulacra (IceCv)
  A necrophage (D:4)
  13 wolves
  8 ogres
  12 starcursed masses (Abyss:2)
  7 centaurs
  2 elephant skeletons (Lair:6)
  13 bullfrogs
  A wyvern zombie (D:9)
  A scorpion (D:4)
  A water moccasin skeleton (D:7)
  33 killer bees
  7 howler monkeys
  3 electric eels
  3 centaur zombies
  9 jellies
  7 hounds
  2 bullfrog skeletons
  22 orc priests
  4 iguanas
  25 orc wizards
  13 hell rats
  2 howler monkey zombies
  9 adders
  7 gnolls
  6 river rats (Lair:2)
  A shadow imp (D:6)
  A white imp (D:6)
  An adder skeleton (D:4)
  3 worms
  A dart slug (D:8)
  108 orcs
  7 bats
  19 endoplasms
  5 giant cockroaches
  11 hobgoblins
  9 jackals
  5 quokkas
  12 ball pythons
  4 frilled lizards
  3 goblins
  5 kobolds
  9 rats
1346 creatures vanquished.

Vanquished Creatures (collateral kills)
  A swamp worm (Lair:2)
1 creature vanquished.

Vanquished Creatures (others)
  A fire giant (Depths:1)
  A fire dragon (Depths:2)
  2 ettins
  A yaktaur captain (Vaults:2)
  2 ironbound thunderhulks
  2 hydras
  An alligator (Swamp:3)
  5 deep trolls
  A bog body (Swamp:2)
  2 ironbound convokers
  A phantasmal warrior (D:15)
  A wolf spider (Spider:4)
  A black mamba (Lair:1)
  2 vault sentinels (Vaults:3)
  A cane toad (Lair:1)
  A blink frog (Lair:2)
  A tengu conjurer (D:11)
  3 jumping spiders
  2 tyrant leeches
  A hornet (Swamp:4)
  A slime creature (Vaults:2)
  A spriggan (Swamp:4)
  2 yaks
  3 steam dragons (Swamp:4)
  A warg (Orc:1)
  A swamp worm (Swamp:3)
  3 orc warriors
  3 swamp drakes (Swamp:4)
  A centaur (D:8)
  An ogre (Orc:2)
  A bullfrog (Lair:5)
  2 orc priests
  An orc wizard (Orc:2)
  A river rat (Lair:2)
  An adder (Lair:3)
  2 orcs
  49 fungi
  44 plants
  6 starspawn tentacles (Abyss:2)
  40 withered plants
196 creatures vanquished.

Grand Total: 1543 creatures vanquished

Notes
Turn   | Place    | Note
-------+----------+-------------------------------------------
     0 | D:5      | thromnambular the Gnoll Delver began the quest for the Orb.
     0 | D:5      | Reached XP level 1. HP: 23/23 MP: 1/1
   336 | D:1      | Reached XP level 2. HP: 25/29 MP: 2/2
   345 | D:1      | Learned a level 1 spell: Shock
   965 | D:1      | Reached XP level 3. HP: 26/35 MP: 3/3
  1350 | D:2      | Reached skill level 1 in Invocations
  1394 | D:2      | Found a sparkling altar of Nemelex Xobeh.
  1543 | D:2      | Reached skill level 1 in Short Blades
  1543 | D:2      | Reached skill level 1 in Long Blades
  1543 | D:2      | Reached skill level 1 in Axes
  1543 | D:2      | Reached skill level 1 in Polearms
  1543 | D:2      | Reached skill level 1 in Staves
  1543 | D:2      | Reached skill level 1 in Slings
  1543 | D:2      | Reached skill level 1 in Bows
  1543 | D:2      | Reached skill level 1 in Crossbows
  1543 | D:2      | Reached skill level 1 in Throwing
  1543 | D:2      | Reached skill level 1 in Armour
  1543 | D:2      | Reached skill level 1 in Shields
  1543 | D:2      | Reached skill level 1 in Unarmed Combat
  1543 | D:2      | Reached skill level 1 in Spellcasting
  1543 | D:2      | Reached skill level 1 in Evocations
  1676 | D:2      | Reached XP level 4. HP: 20/41 MP: 5/5
  2511 | D:3      | Reached skill level 1 in Conjurations
  2511 | D:3      | Reached skill level 1 in Hexes
  2511 | D:3      | Reached skill level 1 in Summonings
  2511 | D:3      | Reached skill level 1 in Necromancy
  2511 | D:3      | Reached skill level 1 in Translocations
  2511 | D:3      | Reached skill level 1 in Transmutations
  2511 | D:3      | Reached skill level 1 in Fire Magic
  2511 | D:3      | Reached skill level 1 in Ice Magic
  2511 | D:3      | Reached skill level 1 in Air Magic
  2511 | D:3      | Reached skill level 1 in Earth Magic
  2511 | D:3      | Reached skill level 1 in Poison Magic
  2808 | D:3      | Reached XP level 5. HP: 20/47 MP: 6/6
  3074 | D:3      | Found Biph's Jewellery Shop.
  3449 | D:3      | Found a faded altar of an unknown god.
  3452 | D:3      | Became a worshipper of Ru the Awakened
  3471 | D:3      | Noticed a black bear
  3479 | D:3      | Gained mutation: You are somewhat unskilled. (-1 Apt) [Ru
                  | sacrifice]
  3479 | D:3      | Reached * piety under Ru
  3552 | D:3      | Found Fody's Distillery.
  3584 | D:3      | Bought a potion of curing for 42 gold pieces
  3584 | D:3      | Bought a potion of haste for 140 gold pieces
  3654 | D:4      | Noticed a necrophage
  3996 | D:4      | Noticed Eustachio
  4489 | D:4      | Killed a necrophage
  4490 | D:4      | Reached XP level 6. HP: 36/52 MP: 8/8
  5626 | D:5      | Reached XP level 7. HP: 41/59 MP: 10/10
  6173 | D:5      | Learned a level 3 spell: Swiftness
  6363 | D:5      | Found a glowing silver altar of Zin.
  6593 | D:6      | Found a staircase to the Ecumenical Temple.
  6769 | D:6      | Noticed Menkaure
  7556 | D:6      | Reached skill level 5 in Maces & Flails
  7556 | D:6      | Reached skill level 5 in Dodging
  7556 | D:6      | Reached XP level 8. HP: 48/65 MP: 11/11
  7649 | D:6      | Noticed a manticore
  7655 | D:6      | Killed Menkaure
  7825 | D:6      | Gained mutation: You cannot study or cast Fire magic. [Ru
                  | sacrifice]
  7825 | D:6      | Gained mutation: You cannot study or cast Transmutations
                  | magic. [Ru sacrifice]
  7825 | D:6      | Gained mutation: You cannot study or cast Summoning magic.
                  | [Ru sacrifice]
  7825 | D:6      | Reached ** piety under Ru
  8037 | D:7      | Noticed Joseph
  8756 | D:7      | Noticed Joseph
  8756 | D:7      | Joseph changed into Joseph the polar bear
  8770 | D:7      | Killed Joseph the polar bear
  8807 | D:7      | Reached skill level 7 in Fighting
  8807 | D:7      | Reached XP level 9. HP: 50/72 MP: 14/14
  8923 | D:7      | Learned a level 2 spell: Corpse Rot
  9107 | D:7      | Found a stormy altar of Qazlal.
  9237 | D:7      | Found a hide-covered altar of Uskayaw.
  9508 | D:8      | Noticed Prince Ribbit
  9510 | D:8      | Noticed Prince Ribbit
  9510 | D:8      | Prince Ribbit changed into Prince Ribbit the water moccasin
  9524 | D:8      | Killed Prince Ribbit the water moccasin
 10276 | D:8      | Found an opulent altar of Gozag.
 11148 | D:7      | Noticed a rust devil
 11148 | D:7      | Noticed a rust devil
 11400 | D:8      | Killed a rust devil
 11465 | D:8      | Killed a rust devil
 11466 | D:8      | Reached XP level 10. HP: 79/79 MP: 16/16
 11614 | D:8      | Reached skill level 5 in Invocations
 11713 | D:8      | You fall into a shaft and drop 1 floor!
 12106 | D:9      | Noticed a manticore
 12161 | D:8      | Reached skill level 10 in Stealth
 12296 | D:8      | Noticed Maurice
 12297 | D:8      | Noticed Maurice
 12297 | D:8      | Maurice changed into Maurice the dart slug
 12299 | D:8      | Killed Maurice the dart slug
 12525 | D:8      | Gained mutation: You cannot be stealthy. [Ru sacrifice]
 12525 | D:8      | Reached *** piety under Ru
 12637 | D:3      | Bought the ring "Hotwi" {rN++ Will+} for 425 gold pieces
 12972 | D:9      | Noticed a two-headed ogre
 13145 | D:9      | Identified a scroll of acquirement
 13145 | D:9      | Acquired a book of Cantrips
 13149 | D:9      | Learned a level 1 spell: Apportation
 13154 | D:9      | Learned a level 4 spell: Airstrike
 13159 | D:9      | Learned a level 4 spell: Dispel Undead
 13385 | D:9      | Killed a manticore
 13386 | D:9      | Reached skill level 5 in Short Blades
 13386 | D:9      | Reached skill level 5 in Long Blades
 13386 | D:9      | Reached skill level 5 in Axes
 13386 | D:9      | Reached skill level 5 in Polearms
 13386 | D:9      | Reached skill level 5 in Staves
 13386 | D:9      | Reached skill level 5 in Slings
 13386 | D:9      | Reached skill level 5 in Bows
 13386 | D:9      | Reached skill level 5 in Crossbows
 13386 | D:9      | Reached skill level 5 in Throwing
 13386 | D:9      | Reached skill level 5 in Armour
 13386 | D:9      | Reached skill level 5 in Shields
 13386 | D:9      | Reached skill level 5 in Unarmed Combat
 13386 | D:9      | Reached skill level 5 in Spellcasting
 13386 | D:9      | Reached skill level 5 in Evocations
 13519 | D:9      | Reached skill level 8 in Fighting
 13843 | D:9      | Noticed a two-headed ogre
 13854 | D:9      | Killed a two-headed ogre
 13855 | D:9      | Reached XP level 11. HP: 86/86 MP: 17/19
 13975 | D:9      | Killed a two-headed ogre
 14056 | D:10     | Entered Level 10 of the Dungeon
 14056 | D:10     | Noticed Gastronok
 14421 | D:10     | Noticed a two-headed ogre
 14429 | D:10     | Killed a two-headed ogre
 14768 | D:10     | Noticed Snorg
 14789 | D:10     | Killed Snorg
 15110 | D:10     | Noticed Grum
 15140 | D:10     | Killed Grum
 15388 | D:10     | Learned a level 3 spell: Dazzling Flash
 15417 | D:10     | Noticed a skeletal warrior
 15575 | D:10     | Noticed a death knight
 15768 | D:9      | Killed a skeletal warrior
 16409 | D:11     | Reached skill level 5 in Conjurations
 16409 | D:11     | Reached skill level 5 in Hexes
 16409 | D:11     | Reached skill level 5 in Necromancy
 16409 | D:11     | Reached skill level 5 in Translocations
 16409 | D:11     | Reached skill level 5 in Ice Magic
 16409 | D:11     | Reached skill level 5 in Air Magic
 16409 | D:11     | Reached skill level 5 in Earth Magic
 16409 | D:11     | Reached skill level 5 in Poison Magic
 16580 | D:11     | Noticed a tengu warrior
 16589 | D:11     | Killed a tengu warrior
 16668 | D:11     | Noticed a two-headed ogre
 16697 | D:11     | Killed a two-headed ogre
 16871 | D:11     | Reached XP level 12. HP: 88/94 MP: 21/21
 16964 | D:11     | Found a staircase to the Lair.
 16980 | Lair:1   | Entered Level 1 of the Lair of Beasts
 17473 | Lair:1   | Reached skill level 9 in Fighting
 17599 | Lair:1   | Learned a level 4 spell: Olgreb's Toxic Radiance
 17647 | Lair:1   | Identified the +1 robe of Impermeability {Dex+4}
 18546 | Lair:2   | Found a transporter.
 18549 | Lair:2   | Noticed jjjjhere's ghost (journeyman GnWn)
 18557 | Lair:2   | Found a transporter.
 18614 | Lair:2   | Found a staircase to the Swamp.
 19645 | Lair:3   | Identified the +8 trident of Kypafuff {spect, Str+2}
 19796 | Lair:3   | Reached XP level 13. HP: 88/101 MP: 16/23
 19992 | Lair:4   | Found a glowing golden altar of the Shining One.
 20118 | Lair:4   | Gained mutation: You are unskilled. (-2 Apt) [Ru sacrifice]
 20118 | Lair:4   | Reduced skill Fighting to level 8
 20118 | Lair:4   | Reduced skill Conjurations to level 5
 20118 | Lair:4   | Reduced skill Hexes to level 5
 20118 | Lair:4   | Reduced skill Necromancy to level 5
 20118 | Lair:4   | Reduced skill Translocations to level 5
 20118 | Lair:4   | Reduced skill Ice Magic to level 5
 20118 | Lair:4   | Reduced skill Air Magic to level 5
 20118 | Lair:4   | Reduced skill Earth Magic to level 5
 20118 | Lair:4   | Reduced skill Poison Magic to level 5
 20118 | Lair:4   | Reached **** piety under Ru
 20290 | Lair:4   | Noticed Rupert
 20302 | Lair:4   | Killed Rupert
 20452 | Lair:4   | Found a hole to the Spider Nest.
 21405 | Lair:5   | Reached skill level 9 in Fighting
 21955 | Lair:5   | Gained mutation: You are hated by all. [Ru sacrifice]
 21955 | Lair:5   | Reached ***** piety under Ru
 21988 | Lair:5   | Found a staircase to the Slime Pits.
 22225 | Lair:6   | Entered Level 6 of the Lair of Beasts
 22415 | Lair:6   | Reached XP level 14. HP: 92/108 MP: 11/25
 22626 | Lair:6   | Learned a level 3 spell: Mephitic Cloud
 22834 | Lair:6   | Found a runed translucent gate.
 22834 | Lair:6   | Found a runed translucent gate.
 22834 | Lair:6   | Found a runed translucent gate.
 22852 | Lair:6   | Noticed Fashaeth's ghost (adept VSFi)
 23145 | Lair:6   | Identified the +5 long sword "Giant's Regret" {vorpal, rF+
                  | Will+}
 23298 | Lair:6   | Noticed a dire elephant
 24019 | Lair:6   | Killed a dire elephant
 24034 | Lair:6   | Identified the ring "Ilavo" {Fire Stlth+}
 24217 | Lair:6   | Noticed a dire elephant
 24582 | D:11     | Noticed Nergalle
 24583 | D:11     | Noticed Nergalle
 24583 | D:11     | Nergalle changed into Nergalle the moth of wrath
 24588 | D:11     | Killed Nergalle the moth of wrath
 25393 | D:10     | Killed Gastronok
 25911 | D:12     | Gained mutation: You are frail. (-10% HP) [Ru sacrifice]
 25911 | D:12     | Reached ****** piety under Ru
 25969 | D:12     | Found a runed translucent door.
 25970 | D:12     | Noticed Vedgh's ghost (journeyman HuBe)
 26400 | D:12     | Found a staircase to the Orcish Mines.
 26620 | Orc:1    | Entered Level 1 of the Orcish Mines
 26789 | Orc:2    | Entered Level 2 of the Orcish Mines
 26789 | Orc:2    | Found a staircase to the Elven Halls.
 26968 | Orc:2    | Reached XP level 15. HP: 58/96 MP: 13/27
 27503 | Orc:1    | Found a bloodstained altar of Trog.
 27533 | Orc:1    | Found a runed translucent gate.
 27546 | Orc:1    | Found a runed translucent gate.
 27648 | Orc:1    | Found a runed translucent gate.
 27668 | Orc:1    | Noticed gorillafan208's ghost (journeyman MiBe)
 27741 | Orc:1    | Found Igitacki's Jewellery Shoppe.
 28520 | Orc:2    | Reached skill level 10 in Fighting
 28549 | Orc:2    | Noticed an orc warlord
 28936 | Orc:1    | Learned a level 5 spell: Freezing Cloud
 29550 | Orc:2    | Killed an orc warlord
 30026 | Orc:2    | Found a bloodstained altar of Trog.
 30163 | Orc:2    | Found Atezxon's Book Boutique.
 30174 | Orc:2    | Bought a Necronomicon for 560 gold pieces
 30174 | Orc:2    | Bought Ihuatepo's Grimoire of Aerial Poison for 420 gold
                  | pieces
 30174 | Orc:2    | Bought a book of Necromancy for 160 gold pieces
 30227 | Orc:2    | Found Ixkairol's Antique Armour Shop.
 30228 | Orc:2    | Found Vunar's Antique Weapon Shop.
 30230 | Orc:2    | Found Ritouh's General Store.
 30230 | Orc:2    | Found Hokusihe's Book Boutique.
 31865 | D:14     | Found a gate to the Vaults.
 32862 | D:14     | Noticed Nessos
 32875 | D:14     | Killed Nessos
 33597 | D:15     | Entered Level 15 of the Dungeon
 33602 | D:15     | Cast into level 2 of the Abyss (a wizard)
 33606 | Abyss:2  | Found a corrupted altar of Lugonu.
 33685 | Abyss:2  | Noticed a tentacled starspawn
 33695 | Abyss:2  | Killed a tentacled starspawn
 33743 | Abyss:2  | Noticed a tentacled starspawn
 33832 | Abyss:2  | Noticed a tentacled starspawn
 33984 | Abyss:2  | Paralysed by accursed screaming for 1 turns
 34294 | D:15     | Escaped the Abyss
 34458 | D:15     | Found a huge runed gate.
 34458 | D:15     | Found a huge runed gate.
 34458 | D:15     | Found a huge runed gate.
 34462 | D:15     | Found a huge runed gate.
 34463 | D:15     | Found a huge runed gate.
 34463 | D:15     | Found a huge runed gate.
 34463 | D:15     | Found a huge runed gate.
 34463 | D:15     | Found a huge runed gate.
 34463 | D:15     | Found a huge runed gate.
 34478 | D:15     | Reached XP level 16. HP: 57/78 MP: 28/28
 34580 | D:15     | Found a huge runed gate.
 34580 | D:15     | Found a huge runed gate.
 34580 | D:15     | Found a huge runed gate.
 34580 | D:15     | Found a huge runed gate.
 34691 | D:15     | Noticed a sphinx
 34691 | D:15     | Noticed a sphinx
 35203 | Spider:1 | Entered Level 1 of the Spider Nest
 37438 | Spider:2 | Reached skill level 10 in Invocations
 37569 | Spider:2 | Reached skill level 10 in Maces & Flails
 37569 | Spider:2 | Reached skill level 10 in Dodging
 39968 | Spider:4 | Entered Level 4 of the Spider Nest
 40326 | Spider:4 | Learned a level 5 spell: Silence
 40420 | Spider:4 | Reached XP level 17. HP: 39/117 MP: 14/30
 41181 | Spider:3 | Reached skill level 11 in Fighting
 41649 | Spider:4 | Noticed Donald
 41660 | Spider:4 | Killed Donald
 42199 | Spider:4 | Noticed Aizul
 42374 | Spider:4 | Acquired a book of Blasting
 43265 | Spider:4 | Killed Aizul
 44893 | Spider:4 | Got a gossamer rune of Zot
 45952 | D:14     | Killed a sphinx
 46247 | D:14     | Reached skill level 10 in Short Blades
 46247 | D:14     | Reached skill level 10 in Long Blades
 46247 | D:14     | Reached skill level 10 in Axes
 46247 | D:14     | Reached skill level 10 in Polearms
 46247 | D:14     | Reached skill level 10 in Staves
 46247 | D:14     | Reached skill level 10 in Slings
 46247 | D:14     | Reached skill level 10 in Bows
 46247 | D:14     | Reached skill level 10 in Crossbows
 46247 | D:14     | Reached skill level 10 in Throwing
 46247 | D:14     | Reached skill level 10 in Armour
 46247 | D:14     | Reached skill level 10 in Shields
 46247 | D:14     | Reached skill level 10 in Unarmed Combat
 46247 | D:14     | Reached skill level 10 in Spellcasting
 46247 | D:14     | Reached skill level 10 in Evocations
 46625 | Swamp:1  | Entered Level 1 of the Swamp
 46654 | Swamp:1  | Found a frozen archway.
 46665 | IceCv    | Entered an ice cave
 46667 | IceCv    | Found a transporter.
 46675 | IceCv    | Identified the +0 hat of Discretion {*Slow Fly rN++ Slay+2}
 46758 | Swamp:1  | Found a runed translucent door.
 46758 | Swamp:1  | Found a shimmering altar of Xom.
 46758 | Swamp:1  | Noticed pentaflop's ghost (journeyman SpEn)
 47203 | Swamp:1  | Found a bloodstained altar of Trog.
 49251 | Swamp:2  | Reached XP level 18. HP: 75/121 MP: 27/32
 50565 | Swamp:3  | Identified the +4 ring mail of Fashionability {Rampage
                  | Dex+2}
 51362 | Swamp:3  | Learned a level 5 spell: Lee's Rapid Deconstruction
 51472 | Swamp:4  | Entered Level 4 of the Swamp
 52148 | Swamp:4  | Got a decaying rune of Zot
 52678 | Vaults:1 | Entered Level 1 of the Vaults
 52916 | Vaults:1 | Found Ytou's Jewellery Shoppe.
 53082 | Vaults:1 | Found a portal to a secret trove of treasure.
 53968 | Vaults:1 | Noticed an ancient lich
 53977 | Vaults:1 | Killed an ancient lich
 55835 | Vaults:2 | Reached XP level 19. HP: 129/131 MP: 33/33
 56154 | Vaults:2 | Reached skill level 12 in Fighting
 57266 | Vaults:2 | Found Feutz's Book Boutique.
 57273 | Vaults:2 | Bought Qoisewk's Incunabulum of Creative Battle Magic for
                  | 680 gold pieces
 57281 | Vaults:2 | Learned a level 6 spell: Iron Shot
 57301 | Vaults:2 | Found Xoess's Armour Boutique.
 57311 | Vaults:2 | Bought a +0 kite shield for 90 gold pieces
 57351 | Vaults:2 | Found Gegg's Book Shop.
 57562 | Vaults:2 | Noticed a golden dragon
 57579 | Vaults:2 | Killed a golden dragon
 57817 | Vaults:2 | Found Osich's Weapon Boutique.
 58693 | Vaults:2 | Found Ofourr's General Store.
 58701 | Vaults:2 | Bought a scroll of fog for 42 gold pieces
 58701 | Vaults:2 | Bought a scroll of teleportation for 63 gold pieces
 58701 | Vaults:2 | Bought a wand of mindburst (16) for 420 gold pieces
 58735 | Vaults:3 | Found Seiwnits's Antique Armour Shoppe.
 58759 | Vaults:3 | Found Ileplaps's Assorted Antiques.
 58964 | Vaults:3 | Bought a potion of heal wounds for 110 gold pieces
 58965 | Vaults:3 | Found Doniph's Antique Weapon Emporium.
 59495 | Vaults:3 | HP: 5/131 [cloud of freezing vapour (28)]
 59964 | Vaults:3 | Found a staircase to the Crypt.
 60567 | Vaults:3 | Reached XP level 20. HP: 60/134 MP: 19/35
 61007 | Vaults:3 | You fall into a shaft and drop 1 floor!
 62553 | Vaults:4 | Found Gozag's Antique Armour Emporium.
 62665 | Vaults:4 | Found an opulent altar of Gozag.
 62946 | Vaults:4 | Found Gozag's Antique Weapon Shoppe.
 63069 | Vaults:3 | Bought a steaming troll leather armour for 600 gold pieces
 63069 | Vaults:3 | Identified the +1 troll leather armour "Vuyxialoot" {rElec
                  | rF+ Regen+ SInv Stlth+} (You bought it in a shop on level 3
                  | of the Vaults)
 63723 | Vaults:3 | Found Mumyn's Weapon Shop.
 63723 | Vaults:3 | Found Osyaskush's Magic Scroll Boutique.
 63733 | Vaults:3 | Bought a scroll of enchant weapon for 150 gold pieces
 63733 | Vaults:3 | Bought a scroll of teleportation for 60 gold pieces
 63733 | Vaults:3 | Bought a scroll of blinking for 150 gold pieces
 64382 | Vaults:4 | Reached skill level 10 in Conjurations
 64382 | Vaults:4 | Reached skill level 10 in Hexes
 64382 | Vaults:4 | Reached skill level 10 in Necromancy
 64382 | Vaults:4 | Reached skill level 10 in Translocations
 64382 | Vaults:4 | Reached skill level 10 in Ice Magic
 64382 | Vaults:4 | Reached skill level 10 in Air Magic
 64382 | Vaults:4 | Reached skill level 10 in Earth Magic
 64382 | Vaults:4 | Reached skill level 10 in Poison Magic
 64780 | Vaults:4 | Found Gozag's Assorted Antiques.
 64787 | Vaults:4 | Bought a pair of runed boots for 750 gold pieces
 65861 | D:15     | Acquired 449 gold pieces
 65927 | D:15     | Reached XP level 21. HP: 108/134 MP: 7/36
 66095 | D:15     | Found a staircase to the Depths.
 66538 | Depths:1 | Entered Level 1 of the Depths
 66716 | Depths:1 | Found a gateway to Hell.
 66787 | Depths:1 | HP: 6/137 [white very ugly thing (22)]
 67011 | Vaults:1 | Bought a ring of ice for 325 gold pieces
 67657 | Depths:1 | Found Asal's Blood Bar.
 67739 | Depths:1 | Bought the Volume of Dark Rites for 598 gold pieces
 67745 | Depths:1 | Learned a level 5 spell: Agony
 67876 | Depths:1 | Noticed Saint Roka
 67878 | Depths:1 | Reached skill level 13 in Fighting
 67903 | Depths:1 | Killed Saint Roka
 68494 | Depths:2 | HP: 3/138 [poisoned by a green very ugly thing]
 68495 | Depths:1 | Succumbed to a green very ugly thing's poison

Illustrated notes

Levels and vault maps discovered:
D:1:      minmay_arrival_open_corners, layout_rooms, minmay_tetromino_s4
D:2:      layout_basic, basic_altar
D:3:      layout_basic, shapermc_ecumenical_altar_mp_vishouse, serial_shops,
          nicolae_shop_behind_doors, shop
D:4:      layout_gridville, cheibrodos_sewer_entry_bend, uniq_eustachio
D:5:      layout_basic, zin_statuary
D:6:      layout_cave_pools, minmay_temple_entry_wispy, minmay_three_doors,
          uniq_menkaure
D:7:      cheibrodos_iron_armory, layout_loops_ring,
          mainiacjoe_overflow_big_doors, minmay_crossroads, uniq_joseph
D:8:      layout_cave_pods, mainiacjoe_overflow_alcove_2, grunt_ministairs_4,
          minivault_10, grunt_decor_resistance, uniq_maurice,
          uniq_prince_ribbit1
D:9:      layout_loops_cross, minmay_misc_feat_encased, grunt_potential
D:10:     layout_irregular_city, uniq_snorg, uniq_gastronok, uniq_grum
D:11:     layout_loops_corners, lair_entry_dummy, uniq_nergalle
D:12:     layout_small_grid, orc_0_dummy, ebering_ghost_reflecting_pool
D:13:     lemuel_slime, layout_loops_ring
D:14:     cheibrodos_orc_bank, layout_loops_ring,
          skrybe_vaults_entry_preservation, minmay_misc_feat_five,
          abandoned_shop, uniq_nessos
D:15:     gammafunk_depths_entry_grave, layout_rooms, door_vault
Lair:1:   layout_regular_city, grunt_megastairs_4, infiniplex_staircase_pool_2
Lair:2:   wad_woods_minihive, layout_long_grid, minmay_swamp_entry_worms,
          gammafunk_ghost_berserking_beasts, kennysheep_abandoned_house,
          grunt_megastairs_3
Lair:3:   layout_big_grid, infiniplex_staircase_pool
Lair:4:   layout_layer_cave, spider_nest_entry_funnel_web, basic_altar,
          uniq_rupert
Lair:5:   layout_misc_corridors, minmay_slime_entry_oklob_open
Lair:6:   due_jungle_book, layout_misc_corridors, gammafunk_ghost_icy,
          dpeg_oklob_1
Swamp:1:  layout_basic_swamp, portal_ice_cave_entry_pillars_four,
          ebering_ghost_xom, lemuel_altar_in_water, swamp_pool1
Swamp:2:  layout_basic_swamp, evilmike_swamp_ruin_rubble_2, swamp_pool5
Swamp:3:  layout_basic_swamp, evilmike_swamp_ruin_house_4, st_swamp_ruins_3
Swamp:4:  swamp_fiery, layout_basic_swamp, swamp_pool4
Spider:1: layout_spider_delve
Spider:2: nicolae_spider_mines_3
Spider:3: layout_spider_delve
Spider:4: grunt_spider_rune_circles, nicolae_spider_shape, uniq_aizul,
          uniq_donald
Orc:1:    layout_caves, serial_shops, nicolae_shop_waterfront,
          ebering_ghost_rock_garden, basic_altar
Orc:2:    st_orc_congregation, layout_caves, serial_shops, nicolae_square_shop,
          basic_altar
Vaults:1: nicolae_vaults_sealed_display, v_pattern_4, nicolae_vaults_little_ls,
          kb_rosetta, nicolae_vaults_little_squares_4, hangedman_vaults_maws,
          nicolae_vaults_little_squares_2, nicolae_vaults_mini_display_case,
          layout_vaults_chaotic_city, serial_shops, nicolae_lakefront_shop,
          nicolae_trove_entry_path_of_doom
Vaults:2: ontoclasm_vaults_idyll, ontoclasm_vaults_ring_square,
          dpeg_vaults_monster_box, v_misc_28, v_misc_22,
          vaults_dpeg_encased_lava, nicolae_vaults_network_quinsquares
          [nicolae_vaults_network_quincunx_subvault,
          nicolae_vaults_network_quincunx_subvault,
          nicolae_vaults_network_quincunx_subvault,
          nicolae_vaults_network_quincunx_subvault],
          nicolae_vaults_network_star, ontoclasm_vaults_fault,
          vaults_dpeg_cross, vaults_room_hangedman_quadrants,
          layout_vaults_omnicross, serial_shops, shop_fountains,
          nicolae_shop_window_shopping, nicolae_shop_trees,
          nicolae_shop_behind_doors
Vaults:3: v_misc_18, v_alt_pattern_5, minmay_crypt_entry_vampire_xt, v_misc_13,
          v_misc_11, grunt_vaults_hallway_long, nicolae_vaults_little_squares_2,
          st_cells, vaults_mumra_hexcomb, v_pattern_1, vaults_room_door_ring,
          hangedman_vaults_maws, vaults_room_grid, vaults_dpeg_ring,
          layout_vaults_omnibox, serial_shops, shop_statue, shop, shop, shop,
          nicolae_shop_trees
Vaults:4: vaults_room_door_hall, nicolae_vaults_yaktaur_gun_rack,
          kennysheep_vaults_gozag_temple, nicolae_vaults_network_periphery,
          grunt_vaults_hallway_long, vaults_mumra_minichess,
          ontoclasm_vaults_spin, grunt_vaults_hallway_short,
          hangedman_vaults_corner_blocks, v_misc_30, vaults_dpeg_diagonal,
          vaults_room_hallway, layout_vaults_maze_snakey
Depths:1: layout_big_octagon, hell_entry, hangedman_abyss_or_decor_lesser_grid,
          st_stairs_5, guppyfry_shop_blood, uniq_saint_roka
Depths:2: grunt_runaround [grunt_runaround_doors_1, grunt_runaround_doors_2,
          grunt_runaround_doors_3, grunt_runaround_doors_4,
          grunt_runaround_loot], hell_entry, uniq_enchantress

Skill      XL: |  1  2  3  4  5  6  7  8  9 10 11 12 13 14 15 16 17 18 19 20 21 |
---------------+----------------------------------------------------------------+-----
Stealth        | 8 9 0 |  0.0
Invocations    | 1 2 3 4 5 6 7 8 9 10 11 12 | 12.9
Short Blades   | 1 2 3 4 5 6 7 7 8 9 10 11 12 | 12.0
Long Blades    | 1 2 3 4 5 6 7 7 8 9 10 11 12 | 12.0
Axes           | 1 2 3 4 5 6 7 7 8 9 10 11 12 | 12.3
Polearms       | 1 2 3 4 5 6 7 7 8 9 10 11 12 | 12.0
Staves         | 1 2 3 4 5 6 7 7 8 9 10 11 12 | 12.0
Slings         | 1 2 3 4 5 6 7 7 8 9 10 11 12 | 12.0
Bows           | 1 2 3 4 5 6 7 7 8 9 10 11 12 | 12.0
Crossbows      | 1 2 3 4 5 6 7 7 8 9 10 11 12 | 12.0
Throwing       | 1 2 3 4 5 6 7 7 8 9 10 11 12 | 12.0
Armour         | 1 2 3 4 5 6 7 7 8 9 10 11 12 | 12.0
Shields        | 1 2 3 4 5 6 7 7 8 9 10 11 12 | 12.0
Unarmed Combat | 1 2 3 4 5 6 7 7 8 9 10 11 12 | 12.0
Spellcasting   | 1 2 3 4 5 6 7 7 8 9 10 11 12 | 12.0
Evocations     | 1 2 3 4 5 6 7 7 8 9 10 11 12 | 12.0
Conjurations   | 1 2 3 4 5 6 7 8 9 10 | 10.3
Hexes          | 1 2 3 4 5 6 7 8 9 10 | 10.3
Summonings     | 1 2 0 |  0.0
Necromancy     | 1 2 3 4 5 6 7 8 9 10 | 10.3
Translocations | 1 2 3 4 5 6 7 8 9 10 | 10.3
Transmutations | 1 2 0 |  0.0
Fire Magic     | 1 2 0 |  0.0
Ice Magic      | 1 2 3 4 5 6 7 8 9 10 | 10.3
Air Magic      | 1 2 3 4 5 6 7 8 9 10 | 10.3
Earth Magic    | 1 2 3 4 5 6 7 8 9 10 | 10.3
Poison Magic   | 1 2 3 4 5 6 7 8 9 10 | 10.3
Maces & Flails | 5 6 7 8 8 9 10 11 12 | 12.5
Dodging        | 5 6 7 8 8 9 10 11 12 | 12.5
Fighting       | 7 8 9 9 10 11 12 13 | 13.0

Action                   |  1- 3 |  4- 6 |  7- 9 | 10-12 | 13-15 | 16-18 | 19-21 || total
-------------------------+-------+-------+-------+-------+-------+-------+-------++-------
Melee: Mace              |   111 |   227 |    21 |       |       |       |       ||   359
       Bite              |     4 |    18 |    43 |    69 |   118 |   140 |   136 ||   528
       Punch             |       |     1 |       |       |       |       |       ||     1
       Flail             |       |       |   369 |       |       |       |       ||   369
       War axe           |       |       |       |   334 |   593 |       |       ||   927
       Hand axe          |       |       |       |   388 |       |       |       ||   388
       Broad axe         |       |       |       |       |    15 |   282 |   923 ||  1220
       Scimitar          |       |       |       |       |   503 |   654 |       ||  1157
Throw: Dart              |       |    26 |    18 |       |       |     3 |       ||    47
 Cast: Shock             |       |       |       |     7 |    10 |    89 |     3 ||   109
       Airstrike         |       |       |       |     1 |    40 |    39 |     4 ||    84
       Olgreb's Toxic Ra |       |       |       |    14 |    55 |   112 |    72 ||   253
       Dispel Undead     |       |       |       |       |    21 |    15 |    20 ||    56
       Mephitic Cloud    |       |       |       |       |    16 |     2 |       ||    18
       Dazzling Flash    |       |       |       |       |     8 |    11 |       ||    19
       Corpse Rot        |       |       |       |       |     2 |       |       ||     2
       Freezing Cloud    |       |       |       |       |     6 |    98 |    83 ||   187
       Apportation       |       |       |       |       |       |     6 |       ||     6
       Silence           |       |       |       |       |       |     2 |     9 ||    11
       Lee's Rapid Decon |       |       |       |       |       |    10 |    38 ||    48
       Iron Shot         |       |       |       |       |       |       |     5 ||     5
       Agony             |       |       |       |       |       |       |     2 ||     2
Invok: Sacrifice Skill   |       |     1 |       |       |     1 |       |       ||     2
       Sacrifice Arcana  |       |       |     1 |       |       |       |       ||     1
       Sacrifice Stealth |       |       |       |     1 |       |       |       ||     1
       Draw Out Power    |       |       |       |     2 |     2 |     2 |     7 ||    13
       Apocalypse        |       |       |       |       |     9 |     6 |     6 ||    21
       Sacrifice Love    |       |       |       |       |     1 |       |       ||     1
       Sacrifice Health  |       |       |       |       |     1 |       |       ||     1
Evoke: Wand              |       |     1 |    20 |    37 |    48 |    18 |     3 ||   127
       Lightning rod     |       |       |       |       |       |     5 |     4 ||     9
  Use: Potion            |     1 |     2 |       |     6 |    14 |    12 |     5 ||    40
       Scroll            |       |     5 |     8 |    14 |    12 |    17 |     9 ||    65
 Stab: Sleeping          |    11 |    16 |     3 |     2 |       |       |       ||    32
       Distracted        |     1 |     1 |       |     5 |     3 |     6 |     2 ||    18
       Invisible         |       |     2 |     2 |     5 |    15 |    14 |    11 ||    49
       Paralysed         |       |       |    21 |    27 |    19 |    12 |     6 ||    85
       Confused          |       |       |       |       |     5 |     1 |       ||     6
       Held in net/web   |       |       |       |       |       |     2 |       ||     2
Armor: Leather armour    |    44 |    71 |    44 |       |       |       |       ||   159
       Steam dragon scal |       |       |    13 |    67 |       |       |       ||    80
       Acid dragon scale |       |       |       |    76 |       |       |       ||    76
       Swamp dragon scal |       |       |       |       |   267 |   407 |   151 ||   825
       Ring mail         |       |       |       |       |       |    19 |       ||    19
       Crystal plate arm |       |       |       |       |       |    15 |       ||    15
       Troll leather arm |       |       |       |       |       |       |   130 ||   130
Dodge: Dodged            |    90 |   177 |   284 |   651 |   663 |   863 |   538 ||  3266
Block: Buckler           |       |    41 |   118 |   274 |   644 |   820 |   540 ||  2437
       Reflection        |       |       |       |       |    27 |    10 |    21 ||    58
       Rpst.: Scimitar   |       |       |       |       |    53 |   106 |       ||   159
